 Dungeon Crawl Stone Soup version 0.25-a0-167-g836c352 (webtiles) character file.

Game seed: 11763944914200633669, levelgen mode: deterministic

129416 Spazmo the Scorcher (level 16, -3/94 HPs)
             Began as a Deep Elf Fire Elementalist on Nov 18, 2019.
             Was the Champion of Vehumet.
             Slain by a merfolk
             ... wielding a +0 trident
              (10 damage)
             ... on level 4 of the Shoals on Nov 25, 2019.
             The game lasted 01:57:20 (28220 turns).

Spazmo the Scorcher (Deep Elf Fire Elementalist)   Turns: 28220, Time: 01:57:20

Health: -3/94      AC: 10    Str:  5    XL:     16   Next: 50%
Magic:  6/47       EV: 20    Int: 28    God:    Vehumet [******]
Gold:   1651       SH:  5    Dex: 15    Spells: 16/48 levels left

rFire    . . .     SeeInvis +   J - staff of energy
rCold    . . .     Gourm    .   U - +0 buckler
rNeg     . . .     Faith    .   Q - +1 robe {MR+}
rPois    .         Spirit   .   h - +2 hat
rElec    .         Reflect  .   y - +0 cloak
rCorr    .         Harm     .   b - +0 pair of gloves
MR       ++...                  T - +2 pair of boots
Stlth    ++........             o - amulet of the acrobat
HPRegen  0.25/turn              G - ring of see invisible
MPRegen  0.30/turn              v - ring of magical power

@: no status effects
A: no striking features
a: Renounce Religion


You were on level 4 of the Shoals.
You worshipped Vehumet.
Vehumet was exalted by your worship.
You were not hungry.

You visited 4 branches of the dungeon, and saw 27 of its levels.

You collected 2741 gold pieces.
You spent 1090 gold pieces at shops.

Inventory:

Hand Weapons
 a - the +8 mithril axe "Arga" {speed, MR+}
   (You found it on level 2 of the Lair of Beasts)

   Attacks with this weapon are significantly faster.
   It affects your resistance to hostile enchantments.
Missiles
 d - 743 stones (quivered)
Armour
 b - a +0 pair of gloves (worn)
 h - a +2 hat (worn)
 y - a +0 cloak (worn)
 L - a +2 robe of positive energy
 Q - a +1 robe of magic resistance (worn)
 T - a +2 pair of boots (worn)
 U - a +0 buckler (worn)
Magical Staves
 J - an uncursed staff of energy (weapon)
Jewellery
 o - an amulet of the acrobat (around neck)
 t - an uncursed ring of flight
 v - a ring of magical power (right hand)
 G - a ring of see invisible (left hand)
 H - an uncursed ring of magical power
 K - an uncursed ring of protection from fire
 M - a +3 ring of evasion
 P - an uncursed ring of protection from cold
 S - an uncursed ring of protection from fire
 V - an uncursed amulet of harm
 X - the ring of Fiuj {MR+ Int+4}
   (You found it on level 3 of the Shoals)

   [ring of protection from magic]

   It affects your intelligence (+4).
   It affects your resistance to hostile enchantments.
Wands
 g - a wand of acid (10)
 z - a wand of enslavement (12)
 A - a wand of flame (22)
 E - a wand of iceblast (10)
 W - a wand of clouds (8)
Scrolls
 e - 11 scrolls of remove curse
 j - 12 scrolls of identify
 n - 14 scrolls of teleportation
 p - 4 scrolls of magic mapping
 s - 5 scrolls of amnesia
 u - 5 scrolls of enchant weapon
 B - 4 scrolls of enchant armour
 I - 4 scrolls of fog
 R - 2 scrolls of fear
Potions
 f - 6 potions of flight
 i - 2 potions of haste
 l - 2 potions of might
 m - 2 potions of ambrosia
 q - 3 potions of brilliance
 r - 3 potions of invisibility
 x - 3 potions of heal wounds
 C - 2 potions of resistance
 D - a potion of magic
 F - 4 potions of curing
 N - 2 potions of cancellation
 O - a potion of agility
Comestibles
 c - 25 rations
 k - 5 chunks of flesh


   Skills:
 - Level 8.4 Fighting
 - Level 12.0 Dodging
 - Level 2.4 Stealth
 - Level 4.0 Shields
 - Level 16.5 Spellcasting
 + Level 16.3 Conjurations
 + Level 16.6 Fire Magic
 + Level 7.6 Earth Magic


You had 16 spell levels left.
You knew the following spells:

 Your Spells              Type           Power        Failure   Level  Hunger
a - Flame Tongue          Conj/Fire      #####        0%          1    None
b - Throw Flame           Conj/Fire      ######       0%          2    None
c - Conjure Flame         Conj/Fire      #######.     0%          3    None
d - Sticky Flame          Conj/Fire      #######.     0%          4    None
e - Fireball              Conj/Fire      #######...   1%          5    None
f - Bolt of Fire          Conj/Fire      #######...   1%          6    None
g - Orb of Destruction    Conj           #######...   1%          7    None
h - Sandblast             Erth           ######       1%          1    None
i - Regeneration          Chrm/Necr      ###.......   6%          3    None

Your spell library contained the following spells:

 Spells                   Type           Power        Failure   Level  Hunger
 Conjure Ball Lightning   Conj/Air       ######....   3%          6    None
 Animate Skeleton         Necr           N/A          1%          1    None
 Confusing Touch          Hex            ###...       1%          1    None
 Pain                     Necr           ###.         1%          1    None
 Passwall                 Tmut/Erth      #####...     1%          2    None
 Ignite Poison            Fire/Tmut/Pois ######..     1%          3    None
 Inner Flame              Hex/Fire       ######..     1%          3    None
 Stone Arrow              Conj/Erth      ######       1%          3    None
 Irradiate                Conj/Tmut      ######....   1%          5    None
 Lee's Rapid Deconstruct  Erth           ######....   1%          5    None
 Sublimation of Blood     Necr           ###.......   3%          2    None
 Petrify                  Tmut/Erth      #####...     4%          4    None
 Confuse                  Hex            ###.....     6%          3    None
 Gell's Gravitas          Tloc           ###.......   6%          3    None
 Vampiric Draining        Necr           ###.......   6%          3    None
 Yara's Violent Unravell  Hex/Tmut       ###.......   16%         5    None
 Animate Dead             Necr           N/A          21%         4    None
 Alistair's Intoxication  Tmut/Pois      ###.....     50%         5    None
 Metabolic Englaciation   Hex/Ice        ###.......   50%         5    None


Dungeon Overview and Level Annotations

Branches:
Dungeon (15/15)            Temple (0/1) D:7            Lair (6/6) D:9
 Shoals (4/4) Lair:3       Spider (0/4) Lair:2        Slime (0/5) Lair:6
    Orc (2/2) D:10            Elf (0/3) Orc:2        Vaults (0/5) D:13
 Depths (0/5) D:15

Altars:
Dithmenos
Fedhas
Makhleb
Vehumet
Xom

Shops:
D:4 %   D:13 [   Orc:2 }[:[   Shoals:3 *

Portals:
Trove: D:14 (lose all piety)

Annotations:
D:3 2 transporters, Salanewt's ghost, amateur BaIE
D:8 2 transporters, Faustus's ghost, novice DEWz
Lair:5 1 runed translucent door
Orc:2 1 runed translucent door, goofnerd's ghost, journeyman DsMo


Message History

You feel your power returning.
The water elemental disappears in a puff of smoke! x2
The bolt of fire misses the merfolk aquamancer.
The bolt of fire hits the merfolk!!
The merfolk is heavily wounded.
The snapping turtle hisses angrily.
A merfolk javelineer comes into view. It is wielding a +0 spear.
The merfolk aquamancer gestures at you while chanting.
The shard of ice misses you.
Found 18 bolts.
The merfolk javelineer shouts!
The merfolk javelineer throws a silver javelin.
The silver javelin pierces through you!!
* * * LOW HITPOINT WARNING * * *
There is an escape hatch in the ceiling, spattered with blood here.
The merfolk javelineer throws a silver javelin.
The silver javelin pierces through you!!
* * * LOW HITPOINT WARNING * * *
x2 The merfolk hits you from afar with a +0 trident!
You die...

≈.....##.. ..##.≈≈≈#
≈≈...≈≈.#. ......≈≈≈
≈≈...≈≈..#####m...<≈≈≈
≈≈...≈...##.##....≈≈≈≈
≈≈...≈≈.†........≈≈≈≈≈
≈≈...≈≈≈...).....≈≈≈≈≈
≈≈≈..≈≈<≈..mm...≈≈≈≈≈.
≈≈≈..≈≈≈≈§.?....≈≈≈...
≈≈≈..≈≈≈≈≈..@.........
≈≈≈≈.≈≈≈≈≈..(........≈
≈≈≈≈≈≈≈≈≈≈..).......≈≈
≈≈≈≈≈≈≈≈≈≈..........).
≈≈≈≈≈≈≈≈≈≈≈..##.t.....
≈≈≈≈≈≈≈≈≈≈≈≈.. .......
≈≈≈≈≈≈≈.. (.....
≈≈≈≈≈≈≈.. ....


You could see a merfolk javelineer, a merfolk aquamancer, a snapping turtle and
a merfolk.

Vanquished Creatures
  A kraken (Shoals:3)
  Gastronok (D:9)
  Frances (D:12)
  Polyphemus (Shoals:2)
  Kirke (Lair:5)
  Ilsuiw (Shoals:4)
  The ghost of skewfiend the Fighter, a journeyman OgHu of Trog (Lair:5)
  A dire elephant (Lair:6)
  2 merfolk impalers (Shoals:2)
  2 merfolk javelineers (Shoals:3)
  A fire dragon (D:15)
  2 ogre magi (Orc:2)
  Josephine (Orc:2)
  An ice dragon (Lair:6)
  5 hydras
  4 vault guards (D:13)
  A merfolk avatar (Shoals:2)
  2 alligator snapping turtles
  3 centaur warriors
  4 catoblepae
  11 two-headed ogres
  5 death yaks
  A fire crab (shapeshifter) (D:15)
  3 unseen horrors
  11 sea snakes
  2 deep trolls (Orc:2)
  2 lindwurms (Lair:6)
  3 harpies (Shoals:2)
  An orc knight (D:15)
  11 manticores
  2 ugly things
  3 fauns
  An orc sorcerer (Orc:1)
  A deep elf mage (D:15)
  A salamander (D:15)
  2 wolf spiders
  6 cyclopes
  A moth of wrath (Lair:5)
  2 black mambas
  4 merfolk sirens
  An eye of devastation (Lair:6)
  3 water nymphs
  7 torpor snails
  16 spiny frogs
  A gargoyle (D:13)
  A yaktaur (D:14)
  7 komodo dragons
  3 rime drakes
  An efreet (D:15)
  2 ice devils (D:14)
  14 trolls
  15 merfolk
  3 tyrant leeches (Lair:6)
  10 slime creatures
  4 polar bears
  6 wind drakes
  18 dream sheep
  A raiju (shapeshifter) (D:15)
  9 hornets
  Prince Ribbit (D:9)
  5 blink frogs
  10 snapping turtles
  7 wraiths
  4 wyverns
  4 water elementals
  9 hippogriffs
  2 vampires
  3 basilisks
  3 shadows
  71 yaks
  3 hungry ghosts
  2 vampire mosquitoes
  7 hogs (Lair:5)
  13 water moccasins
  A warg (Orc:2)
  11 porcupines
  4 acid dragons
  An ice beast (D:9)
  5 sky beasts
  23 orc warriors
  2 eyes of draining
  3 phantoms
  A black bear (shapeshifter) (D:15)
  2 necrophages
  8 centaurs
  28 ogres
  7 wolves
  15 crocodiles
  5 big kobolds
  14 bullfrogs
  3 wyvern zombies
  A wyvern skeleton (D:14)
  3 scorpions
  9 killer bees
  8 wights
  5 howler monkeys
  An electric eel (Lair:2)
  2 bullfrog zombies
  6 crimson imps
  A quasit (D:9)
  2 centaur zombies
  6 jellies
  Crazy Yiuf (D:3)
  A bullfrog skeleton (D:11)
  17 orc priests
  8 centaur skeletons
  5 hounds
  22 orc wizards
  A gnoll shaman (D:10)
  Jessica (D:2)
  Natasha (thrice) (D:2)
  Terence (D:3)
  3 iguanas
  7 hell rats (Lair:4)
  9 worker ants
  A hound zombie (D:11)
  A hound skeleton (D:5)
  Robin (D:3)
  10 adders
  8 gnolls
  A howler monkey skeleton (D:5)
  4 shadow imps
  An ooze (D:2)
  An adder skeleton (D:5)
  A worm (D:2)
  A dart slug (D:3)
  3 leopard geckos
  79 orcs
  3 ball pythons
  3 giant cockroaches
  10 hobgoblins
  9 jackals
  2 quokkas
  4 bats
  5 frilled lizards
  12 goblins
  A jackal zombie (D:7)
  26 kobolds
  A leopard gecko skeleton (D:5)
  2 quokka skeletons (D:9)
  5 rats
  A bush (Lair:2)
  6 plants
  2 tentacles (Shoals:3)
835 creatures vanquished.

Vanquished Creatures (others)
  A yak (Lair:6)
  8 fungi
  22 plants
  10 tentacles (Shoals:3)
41 creatures vanquished.

Grand Total: 876 creatures vanquished

Notes
Turn   | Place    | Note
-------+----------+-------------------------------------------
     0 | D:1      | Spazmo the Deep Elf Fire Elementalist began the quest for
                  | the Orb.
     0 | D:1      | Reached XP level 1. HP: 10/10 MP: 6/6
   259 | D:1      | Reached XP level 2. HP: 15/15 MP: 2/8
   263 | D:1      | Learned a level 2 spell: Throw Flame
   984 | D:2      | Reached XP level 3. HP: 19/19 MP: 3/10
   989 | D:2      | Learned a level 3 spell: Conjure Flame
  1019 | D:2      | Noticed Natasha
  1019 | D:2      | Noticed Jessica
  1031 | D:2      | Killed Natasha
  1058 | D:2      | Killed Jessica
  1058 | D:2      | Reached XP level 4. HP: 14/24 MP: 7/12
  1064 | D:2      | Learned a level 4 spell: Sticky Flame
  1726 | D:2      | Noticed Natasha
  1729 | D:2      | Killed Natasha
  1734 | D:2      | Noticed Natasha
  1740 | D:2      | Killed Natasha
  1740 | D:2      | Reached XP level 5. HP: 28/28 MP: 2/14
  1989 | D:3      | Reached skill level 5 in Spellcasting
  1991 | D:3      | Found a burning altar of Makhleb.
  2341 | D:3      | Noticed Robin
  2354 | D:3      | Killed Robin
  2507 | D:3      | Noticed Terence
  2532 | D:3      | Killed Terence
  2532 | D:3      | Reached skill level 5 in Fire Magic
  2532 | D:3      | Reached XP level 6. HP: 22/32 MP: 5/16
  2539 | D:3      | Learned a level 5 spell: Fireball
  2609 | D:3      | Found a runed translucent door.
  2610 | D:3      | Noticed Crazy Yiuf
  2615 | D:3      | Killed Crazy Yiuf
  2758 | D:3      | Noticed Salanewt's ghost (amateur BaIE)
  2759 | D:3      | Found a transporter.
  2763 | D:3      | Found a transporter.
  2931 | D:4      | Found Qoasmer's Food Shop.
  3374 | D:4      | Reached XP level 7. HP: 34/36 MP: 10/18
  3577 | D:4      | Reached skill level 5 in Conjurations
  4015 | D:5      | Entered Level 5 of the Dungeon
  4179 | D:5      | Found a radiant altar of Vehumet.
  4190 | D:5      | Became a worshipper of Vehumet
  4287 | D:5      | Reached XP level 8. HP: 38/41 MP: 0/21
  5521 | D:7      | Found a staircase to the Ecumenical Temple.
  5916 | D:7      | Found Abefustri's Distillery.
  6070 | D:7      | Reached * piety under Vehumet
  6070 | D:7      | Offered knowledge of Magic Dart by Vehumet.
  6189 | D:8      | Noticed Faustus's ghost (novice DEWz)
  6205 | D:8      | Reached XP level 9. HP: 45/45 MP: 13/24
  6418 | D:8      | Found a transporter.
  6436 | D:8      | Found a transporter.
  6471 | D:8      | Reached skill level 10 in Spellcasting
  6500 | D:8      | HP: 2/45 [orc priest/divine providence (15)]
  6777 | D:8      | Reached ** piety under Vehumet
  6778 | D:8      | Offered knowledge of Shock by Vehumet.
  7237 | D:9      | Identified the +4 ring mail "Emic Lemm" {MR++}
  7258 | D:9      | Noticed a troll
  7274 | D:9      | Killed a troll
  7347 | D:9      | Noticed Prince Ribbit
  7350 | D:9      | Killed Prince Ribbit
  7350 | D:9      | Reached XP level 10. HP: 50/50 MP: 24/27
  7488 | D:9      | Noticed Gastronok
  7540 | D:9      | Killed Gastronok
  7540 | D:9      | Reached skill level 10 in Conjurations
  7540 | D:9      | Reached skill level 10 in Fire Magic
  7575 | D:9      | Offered knowledge of Dazzling Spray by Vehumet.
  7830 | D:9      | Reached skill level 1 in Fighting
  7865 | D:9      | Found a staircase to the Lair.
  8014 | D:10     | Entered Level 10 of the Dungeon
  8023 | D:10     | Reached *** piety under Vehumet
  8290 | D:10     | Reached skill level 5 in Dodging
  8378 | D:10     | Reached XP level 11. HP: 42/60 MP: 16/29
  8697 | D:10     | Offered knowledge of Ignite Poison by Vehumet.
  8867 | D:10     | Found a staircase to the Orcish Mines.
  9145 | D:10     | Upgraded the game from 0.25-a0-109-ge9c0e85 to
                  | 0.25-a0-161-gb7fd73d
  9236 | Lair:1   | Entered Level 1 of the Lair of Beasts
  9334 | Lair:1   | Reached **** piety under Vehumet
  9504 | Lair:1   | Offered knowledge of Lee's Rapid Deconstruction by Vehumet.
  9505 | Lair:1   | Reached skill level 5 in Fighting
  9999 | Lair:2   | Found the +8 mithril axe "Arga" {speed, MR+}
 10038 | Lair:2   | Found a hole to the Spider Nest.
 11022 | Lair:3   | Reached skill level 10 in Dodging
 11110 | Lair:3   | Found a staircase to the Shoals.
 11123 | Lair:3   | Reached XP level 12. HP: 71/71 MP: 30/30
 11924 | Lair:4   | Noticed a six-headed hydra
 11939 | Lair:4   | Killed a six-headed hydra
 12016 | Lair:4   | Noticed a death yak
 12017 | Lair:4   | Noticed a death yak
 12030 | Lair:4   | Killed a death yak
 12036 | Lair:4   | Killed a death yak
 12227 | Lair:4   | Reached ***** piety under Vehumet
 12233 | Lair:4   | Offered knowledge of Bolt of Fire by Vehumet.
 12249 | Lair:4   | Learned a level 6 spell: Bolt of Fire
 13584 | Lair:5   | Reached XP level 13. HP: 79/79 MP: 24/32
 13590 | Lair:5   | Noticed Kirke
 13743 | Lair:5   | Killed Kirke
 14011 | Lair:5   | Found a runed translucent door.
 14090 | Lair:5   | Found a transporter.
 14092 | Lair:5   | Noticed skewfiend's ghost (journeyman OgHu)
 14129 | Lair:5   | Found a transporter.
 14201 | Lair:5   | Killed skewfiend's ghost
 14224 | Lair:5   | Got a twitching lead amulet
 14225 | Lair:5   | Identified the amulet of Xudon {Inacc +Fly rF+ Stlth+} (You
                  | found it on level 5 of the Lair of Beasts)
 14573 | Lair:6   | Entered Level 6 of the Lair of Beasts
 14660 | Lair:6   | Offered knowledge of Yara's Violent Unravelling by Vehumet.
 14775 | Lair:6   | Found a staircase to the Slime Pits.
 15815 | Lair:6   | Noticed a dire elephant
 15835 | Lair:6   | Killed a dire elephant
 16098 | Lair:6   | Reached XP level 14. HP: 75/84 MP: 27/34
 16111 | Lair:6   | Reached skill level 15 in Spellcasting
 16239 | Lair:6   | Offered knowledge of Bolt of Draining by Vehumet.
 16410 | Lair:6   | Found a runed translucent door.
 17903 | D:12     | Noticed Frances
 17909 | D:12     | Killed Frances
 18133 | D:12     | Offered knowledge of Orb of Destruction by Vehumet.
 18144 | D:12     | Learned a level 7 spell: Orb of Destruction
 18569 | D:13     | Found a gate to the Vaults.
 19380 | D:13     | Found Gazudd's Antique Armour Shoppe.
 19392 | D:13     | Bought a pair of runed boots for 180 gold pieces
 19525 | D:13     | Found a shadowy altar of Dithmenos.
 19803 | D:14     | Upgraded the game from 0.25-a0-161-gb7fd73d to
                  | 0.25-a0-163-g00f8f0c
 20125 | D:14     | Found a portal to a secret trove of treasure.
 20234 | D:14     | Offered knowledge of Bolt of Cold by Vehumet.
 20234 | D:14     | Reached XP level 15. HP: 89/89 MP: 35/37
 20381 | D:14     | Found a frozen archway.
 20877 | Orc:1    | Entered Level 1 of the Orcish Mines
 20967 | Orc:2    | Entered Level 2 of the Orcish Mines
 20967 | Orc:2    | Found a staircase to the Elven Halls.
 21020 | Orc:2    | Reached skill level 1 in Shields
 21448 | Orc:2    | Noticed Josephine
 21450 | Orc:2    | Killed Josephine
 21460 | Orc:2    | Offered knowledge of Ozocubu's Refrigeration by Vehumet.
 21599 | Orc:2    | Reached skill level 15 in Fire Magic
 22171 | Orc:2    | Found Sufix's Antique Armour Shoppe.
 22187 | Orc:2    | Found Doluf's Gadget Emporium.
 22188 | Orc:2    | Found Vataor's Book Shop.
 22188 | Orc:2    | Found a runed translucent door.
 22189 | Orc:2    | Found a shimmering altar of Xom.
 22189 | Orc:2    | Noticed goofnerd's ghost (journeyman DsMo)
 22215 | Orc:2    | Found Abualikh's Armour Emporium.
 22388 | Orc:2    | Bought a book of Necromancy for 420 gold pieces
 22388 | Orc:2    | Bought a book of Geomancy for 490 gold pieces
 22390 | Orc:2    | Learned a level 1 spell: Sandblast
 22394 | Orc:2    | Learned a level 3 spell: Regeneration
 22563 | Orc:1    | Reached skill level 15 in Conjurations
 22571 | Orc:1    | Reached skill level 1 in Earth Magic
 23027 | D:15     | Entered Level 15 of the Dungeon
 23027 | D:15     | Found a blossoming altar of Fedhas.
 23974 | D:15     | Found a staircase to the Depths.
 24114 | D:15     | Upgraded the game from 0.25-a0-163-g00f8f0c to
                  | 0.25-a0-167-g836c352
 24313 | Shoals:1 | Entered Level 1 of the Shoals
 24648 | Shoals:1 | Offered knowledge of Conjure Ball Lightning by Vehumet.
 25463 | Shoals:1 | Identified a scroll of acquirement
 25815 | Shoals:2 | Noticed Polyphemus
 25825 | Shoals:2 | Reached skill level 5 in Earth Magic
 25922 | Shoals:2 | Killed Polyphemus
 25922 | Shoals:2 | Reached XP level 16. HP: 90/94 MP: 17/38
 27300 | Shoals:3 | Found Duac's General Store.
 27802 | Shoals:3 | Noticed a kraken
 27818 | Shoals:3 | Killed a kraken
 28014 | Shoals:3 | Got a fine iron ring
 28015 | Shoals:3 | Identified the ring of Fiuj {MR+ Int+4} (You found it on
                  | level 3 of the Shoals)
 28091 | Shoals:3 | Reached ****** piety under Vehumet
 28163 | Shoals:4 | Entered Level 4 of the Shoals
 28209 | Shoals:4 | Noticed Ilsuiw
 28217 | Shoals:4 | Killed Ilsuiw
 28220 | Shoals:4 | Slain by a merfolk

Levels and vault maps discovered:
D:1:      dpeg_arrival_line_fractal, layout_loops_ring
D:2:      layout_basic, uniq_natasha, uniq_jessica
D:3:      layout_loops_ring, overflow_temple_1_default, gammafunk_ghost_smash,
          uniq_crazy_yiuf_cottage, uniq_robin, uniq_terence
D:4:      layout_basic, serial_shops, nicolae_shop_trees, first_ration,
          dk_noncrumbling_2, hex_medium, kennysheep_diamond
D:5:      layout_rooms, vehumet_altar_wand_db
D:6:      layout_basic
D:7:      layout_gridville, temple_fountains, serial_shops, shop
D:8:      layout_cave_pools, special_room [special_room_orc],
          gammafunk_ghost_arena
D:9:      layout_roguey, david_lair_shrubbed, dk_noncrumbling_4,
          uniq_prince_ribbit1, uniq_gastronok
D:10:     layout_loops_ring, orc_0_dummy, enter_bailey_3
D:11:     layout_roguey
D:12:     layout_rooms, uniq_frances
D:13:     layout_roguey, lightli_vaults_fourway_checkpoint, basic_altar,
          serial_shops, shop
D:14:     layout_loops_corners, enter_trove_2, portal_ice_cave_demonic_guard,
          hangedman_decor_lopped
D:15:     hangedman_depths_entry_try_elsewhere_first, layout_rooms,
          fedhas_altar_3
Lair:1:   layout_roguey
Lair:2:   layout_gridlike, dummy_spider_entry
Lair:3:   layout_misc_corridors, elwin_shoals_entry_rocks, guppyfry_lair_drakes
Lair:4:   layout_layer_cave, beast_lair_carwin_11
Lair:5:   gammafunk_mikee_crab_dinner, layout_long_grid,
          gammafunk_ghost_berserking_beasts, lemuel_fruit_tree, uniq_kirke
Lair:6:   wormcave, layout_gridlike, hangedman_lair_in_review,
          minmay_slime_entry_eyes
Shoals:1: layout_shoals, nicolae_shoals_arrival_archipelago
Shoals:2: layout_shoals, uniq_polyphemus
Shoals:3: layout_shoals, serial_shops,
          nicolae_shop_temple_entry_statues_fountains
Shoals:4: shoals_end_simple, layout_shoals, shoals_ilsuiw_ice, lightli_airlock
Orc:1:    layout_diamond_mine
Orc:2:    st_orc_open, layout_caves, ebering_ghost_xom, special_room,
          uniq_josephine

Skill      XL: |  1  2  3  4  5  6  7  8  9 10 11 12 13 14 15 16 |
---------------+-------------------------------------------------+-----
Conjurations   | 2 3 4 5 7 9 10 12 14 15 16 | 16.3
Spellcasting   | 4 5 6 7 9 11 12 13 14 16 | 16.5
Fire Magic     | 4 5 6 8 9 10 11 13 14 15 16 | 16.6
Fighting       | 3 6 8 |  8.4
Dodging        | 5 10 12 | 12.0
Shields        | 4 |  4.0
Earth Magic    | 5 7 |  7.6
Stealth        | |  2.4

Action                   |  1- 3 |  4- 6 |  7- 9 | 10-12 | 13-15 | 16-18 || total
-------------------------+-------+-------+-------+-------+-------+-------++-------
Melee: Short sword       |       |     4 |       |       |       |       ||     4
       Dagger            |       |     1 |    42 |     1 |       |       ||    44
       Quarterstaff      |       |       |     9 |       |       |       ||     9
       Staff             |       |       |       |       |     3 |       ||     3
       Broad axe         |       |       |       |       |    13 |       ||    13
Throw: Stone             |       |       |     2 |       |       |       ||     2
 Cast: Flame Tongue      |    53 |   110 |   240 |   307 |   288 |    15 ||  1013
       Throw Flame       |       |    13 |    41 |    53 |    48 |       ||   155
       Sticky Flame      |       |     1 |    23 |    74 |    45 |     1 ||   144
       Fireball          |       |       |     4 |    44 |    70 |     6 ||   124
       Conjure Flame     |       |       |     1 |     5 |     3 |       ||     9
       Bolt of Fire      |       |       |       |     8 |   269 |    43 ||   320
       Orb of Destructio |       |       |       |       |    38 |    43 ||    81
       Sandblast         |       |       |       |       |     9 |       ||     9
  Use: Scroll            |     1 |     7 |     8 |     5 |    10 |     4 ||    35
       Potion            |     1 |     1 |     5 |     3 |     2 |     2 ||    14
  Eat: Chunk             |       |     7 |    14 |    14 |    26 |     4 ||    65
       Ration            |       |       |       |     2 |     3 |     1 ||     6
Armor: Robe              |     1 |     4 |    30 |    12 |    23 |     7 ||    77
Dodge: Dodged            |    14 |    25 |   142 |   126 |   191 |    23 ||   521
Block: Buckler           |       |       |       |       |    14 |     1 ||    15

Table legend:
 A = Non-vault XP
 B = Vault XP
 C = Vault XP percentage of total XP
 D = Non-vault monster count
 E = Vault monster count
 F = Vault count percentage of total count
                 A         B        C        D         E       F
            +---------+---------+-------+---------+---------+-------
      Total |  119982 |   64899 |  35.1 |     661 |     165 |  20.0
            +---------+---------+-------+---------+---------+-------
        D:1 |      31 |       0 |   0.0 |      21 |       0 |   0.0
        D:2 |     145 |      73 |  33.5 |      20 |       2 |   9.1
        D:3 |      75 |     107 |  58.8 |      13 |      10 |  43.5
        D:4 |     566 |     162 |  22.3 |      16 |       3 |  15.8
        D:5 |     545 |       1 |   0.2 |      20 |       1 |   4.8
        D:6 |     336 |       0 |   0.0 |       8 |       0 |   0.0
        D:7 |     444 |       0 |   0.0 |      11 |       0 |   0.0
        D:8 |    1359 |     607 |  30.9 |      26 |      20 |  43.5
        D:9 |    2276 |    2938 |  56.3 |      27 |       3 |  10.0
       D:10 |    3084 |       7 |   0.2 |      42 |       4 |   8.7
       D:11 |    2427 |       0 |   0.0 |      30 |       0 |   0.0
       D:12 |    5216 |    2295 |  30.6 |      27 |       1 |   3.6
       D:13 |    6451 |    5020 |  43.8 |      24 |      12 |  33.3
       D:14 |    8357 |     650 |   7.2 |      40 |       2 |   4.8
       D:15 |   10093 |    1754 |  14.8 |      27 |       4 |  12.9
     Lair:1 |    3786 |       0 |   0.0 |      20 |       0 |   0.0
     Lair:2 |    3801 |       0 |   0.0 |      21 |       0 |   0.0
     Lair:3 |    2925 |     831 |  22.1 |      14 |       2 |  12.5
     Lair:4 |   11194 |    1749 |  13.5 |      54 |       2 |   3.6
     Lair:5 |    2727 |    7376 |  73.0 |      12 |      14 |  53.8
     Lair:6 |   10597 |   16769 |  61.3 |      47 |      37 |  44.0
   Shoals:1 |    7067 |       0 |   0.0 |      19 |       0 |   0.0
   Shoals:2 |   15559 |    4884 |  23.9 |      29 |       4 |  12.1
   Shoals:3 |   13863 |       0 |   0.0 |      25 |       0 |   0.0
   Shoals:4 |    1721 |    1831 |  51.5 |       4 |       1 |  20.0
      Orc:1 |    2444 |     866 |  26.2 |      24 |       1 |   4.0
      Orc:2 |    2893 |   16979 |  85.4 |      40 |      42 |  51.2
            +---------+---------+-------+---------+---------+-------
